 Dungeon Crawl Stone Soup version 0.23.0 (webtiles) character file.

Game seed: 15225988041703905191

1289 Ihlosi the Slasher (level 8, -7/49 HPs)
             Began as a Kobold Fighter on Feb 16, 2019.
             Killed by divine providence
             ... invoked by an orc priest
              (12 damage)
             ... on level 6 of the Dungeon.
             The game lasted 00:19:23 (7470 turns).

Ihlosi the Slasher (Kobold Fighter)                 Turns: 7470, Time: 00:19:25

Health: -7/49      AC: 12    Str: 15    XL:     8   Next: 85%
Magic:  0/10       EV: 16    Int:  9    God:
Gold:   226        SH: 10    Dex: 20    Spells: 7/7 levels left

rFire    . . .     SeeInvis +   a - +1 long sword
rCold    . . .     Gourm    .   c - +0 shield
rNeg     . . .     Faith    .   b - +1 scale mail
rPois    .         Spirit   +   o - +0 helmet
rElec    .         Reflect  .   j - scarf {Spirit}
rCorr    +         Harm     .   p - +2 pair of gloves
MR       .....                  (no boots)
Stlth    +.........             (no amulet)
HPRegen  0.16/turn              m - ring of see invisible
MPRegen  0.12/turn              g - ring of resist corrosion

@: agile
A: small, carnivore
a: no special abilities


You were on level 6 of the Dungeon.
You were very full.

You visited 1 branch of the dungeon, and saw 6 of its levels.

You collected 226 gold pieces.

Inventory:

Hand Weapons
 a - a +1 long sword (weapon)
 v - a +2 dagger of venom
Missiles
 h - a throwing net (quivered)
 q - 22 poisoned needles
 u - 59 bolts
Armour
 b - a +1 scale mail (worn)
 c - a +0 shield (worn)
 j - a scarf of spirit shield (worn)
 o - a +0 helmet (worn)
 p - a +2 pair of gloves (worn)
Jewellery
 g - a ring of resist corrosion (right hand)
 m - a ring of see invisible (left hand)
Wands
 e - a wand of random effects (9)
Scrolls
 i - 3 scrolls of identify
 l - a scroll of remove curse
 n - a scroll of teleportation
Potions
 d - a potion of curing
 s - a potion of heal wounds
Comestibles
 f - 15 rations


   Skills:
 * Level 5.0 Fighting
 * Level 5.2 Long Blades
 * Level 4.0 Armour
 * Level 3.3 Dodging
 * Level 4.4 Shields
 * Level 3.0 Evocations


You had 7 spell levels left.
You didn't know any spells.
Your spell library contained the following spells:

 Spells                   Type           Power        Failure   Level  Hunger
 Recall                   Summ/Tloc      N/A          100%        3    ####...
 Animate Dead             Necr           N/A          100%        4    #####..
 Borgnjor's Vile Clutch   Necr/Erth      #.........   100%        5    ######.
 Death Channel            Necr           #.........   100%        6    #######
 Simulacrum               Ice/Necr       #.........   100%        6    #######


Dungeon Overview and Level Annotations

Branches:
Dungeon (6/15)
 Temple: D:4-7

Altars:
Ashenzari
Dithmenos
Fedhas
Makhleb
Trog
Vehumet


Innate Abilities, Weirdness & Mutations

You are small and have problems with some larger weapons.
You are carnivorous and can eat meat at any time.


Message History

The orc priest calls down the wrath of Beogh upon you.
Beogh smites you!
* * * LOW HITPOINT WARNING * * *
As you read the scroll labeled HUMENE WEDEFOE, it crumbles to dust.
It is a scroll of enchant weapon.
Your +0 long sword glows red for a moment.
The orc wizard hits you but does no damage.
You block the orc warrior's attack. The orc wizard completely misses you.
You riposte.
You completely miss the orc wizard.
The orc wizard is moderately wounded.
You block the jelly's attack.
Okay, then.
You hit the orc wizard but do no damage.
The orc wizard is moderately wounded.
The orc wizard casts a spell.
The orc wizard blinks!
You block the jelly's attack. The orc warrior completely misses you.
The orc priest invokes the aid of Beogh against you.
Beogh smites you!
You die...

#....### #......#
#....#.# #....#.#
##.#....#
######..##...####
#......####...##..
#o....#.Jooo......#
#..<..ยง@###o#.##..#
#.....### #....#..#
#.....# #.#oo....
#.....# #.#.#...F##
#######
#.#)...#.<#### #...
.##..##..
#..>..##..##.# #.
#.. #.....# #.
#.###..)..


You could see an orc warrior, a jelly, an orc priest and 2 orc wizards.

Vanquished Creatures
  2 sky beasts (D:5)
  An ice beast (D:5)
  2 ogres
  A scorpion (D:5)
  A howler monkey (D:5)
  3 crimson imps (D:5)
  A bullfrog zombie (D:5)
  A jelly (D:6)
  2 orc priests
  6 orc wizards
  Natasha (thrice) (D:2)
  2 worker ants
  9 adders
  4 gnolls (D:3)
  2 oozes
  An adder zombie (D:5)
  2 worms
  A dart slug (D:2)
  2 leopard geckos
  20 orcs
  8 bats
  2 giant cockroaches (D:2)
  9 goblins
  6 hobgoblins
  14 jackals
  12 kobolds
  3 quokkas
  5 frilled lizards
  A leopard gecko skeleton (D:4)
  2 leopard gecko zombies (D:5)
  9 rats
137 creatures vanquished.

Vanquished Creatures (others)
  A black bear (D:6)
  A centaur (D:6)
  A worker ant (D:6)
3 creatures vanquished.

Grand Total: 140 creatures vanquished

Notes
Turn   | Place    | Note
-------+----------+-------------------------------------------
     0 | D:1      | Ihlosi the Kobold Fighter began the quest for the Orb.
     0 | D:1      | Reached XP level 1. HP: 14/14 MP: 1/1
    95 | D:1      | Reached XP level 2. HP: 12/19 MP: 2/2
   505 | D:1      | Reached XP level 3. HP: 23/23 MP: 3/3
  1332 | D:2      | Noticed Natasha
  1438 | D:2      | Killed Natasha
  1438 | D:2      | Reached skill level 1 in Dodging
  1438 | D:2      | Reached XP level 4. HP: 24/29 MP: 0/4
  1484 | D:2      | Found a radiant altar of Vehumet.
  1487 | D:2      | Found a shadowy altar of Dithmenos.
  1528 | D:2      | Noticed Natasha
  1714 | D:2      | Reached XP level 5. HP: 29/33 MP: 5/5
  1814 | D:2      | Killed Natasha
  2085 | D:2      | Noticed Natasha
  2343 | D:2      | Killed Natasha
  2616 | D:2      | Found a burning altar of Makhleb.
  2616 | D:2      | Found a bloodstained altar of Trog.
  2617 | D:2      | Found a blossoming altar of Fedhas.
  2742 | D:3      | Found a shattered altar of Ashenzari.
  3204 | D:3      | Reached XP level 6. HP: 38/38 MP: 6/6
  4395 | D:3      | Reached skill level 1 in Evocations
  4559 | D:4      | Reached XP level 7. HP: 26/43 MP: 7/7
  4986 | D:4      | HP: 2/43 [poisoned by an orc wizard]
  5432 | D:5      | Entered Level 5 of the Dungeon
  5829 | D:5      | Reached XP level 8. HP: 28/48 MP: 4/9
  6439 | D:5      | Reached skill level 5 in Long Blades
  6854 | D:5      | Reached skill level 5 in Fighting
  7470 | D:6      | Killed from afar by an orc priest

Skill      XL: |  1  2  3  4  5  6  7  8 |
---------------+-------------------------+-----
Long Blades    | 2 3 4 5 |  5.2
Dodging        | 1 2 3 |  3.3
Armour         | 3 4 |  4.0
Shields        | 3 4 |  4.4
Fighting       | 4 5 |  5.0
Evocations     | 1 2 3 |  3.0

Action                   |  1- 3 |  4- 6 |  7- 9 || total
-------------------------+-------+-------+-------++-------
Melee: Long sword        |   133 |   231 |   298 ||   662
       Dagger            |       |       |     9 ||     9
Throw: Throwing net      |       |       |     1 ||     1
Evoke: Wand              |       |       |     5 ||     5
  Use: Potion            |     2 |       |     4 ||     6
       Scroll            |       |       |     8 ||     8
  Eat: Chunk             |     8 |    10 |    11 ||    29
Armor: Scale mail        |    64 |   108 |   113 ||   285
Dodge: Dodged            |    46 |   115 |   123 ||   284
Block: Shield            |    77 |   117 |   175 ||   369
       Rpst.: Long sword |    20 |    30 |    38 ||    88
